 Dungeon Crawl Stone Soup version 0.24.0-123-gd5b16e6ec5 (webtiles) character file.

Game seed: 13347569571688704079, levelgen mode: deterministic

133 FishyPogo the Skirmisher (level 4, -8/37 HPs)
             Began as a Demonspawn Chaos Knight on Feb 9, 2020.
             Was a Plaything of Xom.
             Mangled by a warg (18 damage)
             ... on level 3 of the Dungeon.
             The game lasted 00:03:46 (1531 turns).

FishyPogo the Skirmisher (Demonspawn Chaos Knight)  Turns: 1531, Time: 00:03:46

Health: -8/37      AC:  6    Str: 13    XL:     4   Next: 93%
Magic:  0/4        EV: 12    Int: 14    God:    Xom [...*..]
Gold:   104        SH:  4    Dex: 12    Spells: 3/3 levels left

rFire    + . .     SeeInvis .   a - +0 short sword (chaos)
rCold    . . .     Gourm    .   (no shield)
rNeg     . . .     Faith    .   b - +2 leather armour
rPois    .         Spirit   +   (no helmet)
rElec    .         Reflect  .   (no cloak)
rCorr    .         Harm     .   k - +0 pair of gloves
MR       .....                  (no boots)
Stlth    +.........             e - amulet of guardian spirit
HPRegen  0.12/turn              f - +1 ring of evasion
MPRegen  0.09/turn              (no ring)

@: no status effects
A: large bone plates 1, fire resistance 1
a: Renounce Religion


You were on level 3 of the Dungeon.
You worshipped Xom.
You were a favourite toy of Xom.
You were not hungry.

You visited 1 branch of the dungeon, and saw 3 of its levels.

You collected 104 gold pieces.

Inventory:

Hand Weapons
 a - a +0 short sword of chaos (weapon)
Missiles
 d - 147 stones (quivered)
 t - 6 poisoned darts
 u - a throwing net
Armour
 b - a +2 leather armour (worn)
 k - a +0 pair of gloves (worn)
 r - a +0 shield
Jewellery
 e - an amulet of guardian spirit (around neck)
 f - a +1 ring of evasion (left hand)
Scrolls
 g - a scroll of noise {unknown}
 h - 2 scrolls of enchant weapon {unknown}
 i - a scroll of teleportation {unknown}
 j - a scroll of remove curse {unknown}
 l - a scroll of enchant armour {unknown}
 o - 3 scrolls of identify {unknown}
 q - 4 scrolls of immolation {unknown}
Potions
 n - a potion of ambrosia {unknown}
 p - 2 potions of degeneration {unknown}
 s - a potion of heal wounds {unknown}
Comestibles
 c - 3 rations
 m - 6 chunks of flesh


   Skills:
 + Level 3.9 Fighting
 + Level 3.5 Short Blades
 + Level 2.5 Armour
 + Level 1.5 Dodging
 - Level 0.3 Stealth
 * Level 1.3 Shields


You had 3 spell levels left.
You didn't know any spells.
Your spell library was empty.

Dungeon Overview and Level Annotations

Branches:
Dungeon (3/15)

Altars:
Xom


Innate Abilities, Weirdness & Mutations

You are partially covered in large bone plates. (SH +4)
Your flesh is heat resistant. (rF+)


Message History

The warg is moderately wounded.
The warg barely misses you.
You hit the warg. Lightning courses through the warg!
The warg is severely wounded.
The warg bites you!
You are too injured to fight recklessly!
You are too injured to fight recklessly!
You are too injured to fight recklessly!
A warg is nearby!
You hit the warg.
The warg appears confused.
The warg is almost dead.
You catch the helpless warg completely off-guard!
You hit the warg.
The warg is almost dead.
The warg bites you.
* * * LOW HITPOINT WARNING * * *
You hit the warg.
The warg goes berserk!
The warg is almost dead.
The warg closely misses you. The warg bites you!!
You die...

.#....##............
##....##....)........#
##....##.............#
......##.............#
##....##.............#
......##.............#
#.....##.............#
......##>...)....h...#
#..#####........@....#
#..#################.#
#......<...#
##.###.###.#
#.....#.....#
#######.....# ....oo.#
.o......# #..S......#


You could see a warg (berserk).

Vanquished Creatures
  2 gnolls (D:3)
  3 adders
  An ooze (D:2)
  2 dart slugs (D:1)
  A leopard gecko (D:2)
  4 orcs
  A ball python (D:2)
  6 bats
  2 giant cockroaches
  6 goblins
  10 hobgoblins
  12 jackals
  3 kobolds
  A quokka (D:2)
  5 frilled lizards
  7 rats
66 creatures vanquished.

Notes
Turn   | Place    | Note
-------+----------+-------------------------------------------
     0 | D:1      | FishyPogo the Demonspawn Chaos Knight began the quest for
                  | the Orb.
     0 | D:1      | Reached XP level 1. HP: 18/18 MP: 1/1
   170 | D:1      | XOM: divination: detect items
   174 | D:1      | Gained mutation: Your flesh is heat resistant. (rF+)
                  | [demonic ancestry]
   174 | D:1      | Reached XP level 2. HP: 11/24 MP: 0/2
   341 | D:1      | XOM: cloud trail
   361 | D:1      | XOM: enchant monster (good)
   365 | D:1      | XOM: fog
   422 | D:1      | XOM: mild Conj miscast
   425 | D:1      | XOM: divination: magic mapping
   679 | D:2      | XOM: harmless Necr miscast
   680 | D:2      | XOM: scenery: create altars
   688 | D:2      | XOM: god gift: notched gilded ring {god gift}
   745 | D:2      | Gained mutation: You are partially covered in large bone
                  | plates. (SH +4) [demonic ancestry]
   745 | D:2      | Reached XP level 3. HP: 29/29 MP: 3/3
   776 | D:2      | Reached skill level 1 in Dodging
  1067 | D:2      | Found a faded altar of an unknown god.
  1120 | D:2      | Reached XP level 4. HP: 13/37 MP: 2/4
  1132 | D:2      | XOM: cloud trail
  1186 | D:3      | XOM: confuse monster(s)
  1272 | D:3      | XOM: enchant monster (bad)
  1312 | D:3      | XOM: harmless Fire miscast
  1379 | D:3      | Reached skill level 1 in Shields
  1508 | D:3      | XOM: silly message
  1527 | D:3      | Noticed a warg
  1527 | D:3      | a worm changed into a warg
  1531 | D:3      | Mangled by a warg

Levels and vault maps discovered:
D:1:      nagdon_arrival_zigzag_paths, layout_basic, serial_glass,
          glass_columns_c, glass_columns_b
D:2:      layout_basic, chequers_ecumenical_altar_simple,
          minmay_misc_feat_hallway
D:3:      kennysheep_goblin_castle, layout_basic, tso_oasis_becter,
          first_ration, uniq_ijyb

Skill      XL: |  1  2  3  4 |
---------------+-------------+-----
Armour         | 2 |  2.5
Short Blades   | 3 |  3.5
Dodging        | 1 |  1.5
Shields        | 1 |  1.3
Fighting       | |  3.9
Stealth        | |  0.3

Action                   |  1- 3 |  4- 6 || total
-------------------------+-------+-------++-------
Melee: Short sword       |   164 |    80 ||   244
  Use: Potion            |     1 |       ||     1
 Stab: Petrifying        |     2 |       ||     2
       Confused          |     1 |     1 ||     2
       Petrified         |       |     1 ||     1
  Eat: Chunk             |     1 |     1 ||     2
Armor: Leather armour    |    64 |    14 ||    78
Dodge: Dodged            |   109 |    36 ||   145
Block: Other             |    17 |    16 ||    33
